 Dungeon Crawl Stone Soup version 0.17-a0-977-g4154171 (webtiles) character file.

331 RobertPalmer the Changer (level 6, -1/38 HPs)
             Began as an Octopode Transmuter on May 10, 2015.
             Slain by a mummy (16 damage)
             ... in an ossuary.
             The game lasted 00:11:17 (5095 turns).

RobertPalmer the Changer (Octopode Transmuter)      Turns: 5095, Time: 00:11:17

Health: -1/38      AC:  2    Str:  9    XL:     6   Next: 52%
Magic:  15/18      EV: 20    Int: 16    God:
Gold:   105        SH:  0    Dex: 19    Spells: 3 memorised, 3 levels left

rFire  . . .     SeeInvis .       - Unarmed
rCold  + . .     Clarity  .     (shield currently unavailable)
rNeg   . . .     SustAb   .     (helmet currently unavailable)
rPois  x         Gourm    .     (no amulet)
rElec  .         Spirit   .     r - ring of magical power {MP+9}
rCorr  .         Warding  .     n - ring of protection from cold {rC+, !d}
rMut   .         Stasis   .     (no ring)
MR     .....                    (no ring)
Stlth  ++........               (no ring)
                                (no ring)
                                (no ring)
                                (no ring)

@: spider-form, very slightly contaminated, not resistant to hostile
enchantments, unstealthy
A: almost no armour, amphibious, 8 rings, (constrict 8), (camouflage 0),
(gelatinous body 0)
a: End Transformation


You were in an ossuary.
You were not hungry.
You were a venomous arachnid creature.
You visited 2 branches of the dungeon, and saw 6 of its levels.
You also visited: Ossuary.

You collected 105 gold pieces.

Inventory:

Hand weapons
 b - a +0 blowgun
   (You took it off a kobold on level 3 of the Dungeon)
Missiles
 u - 13 poisoned needles
Jewellery
 n - a ring of protection from cold (right front leg) {rC+, !d}
   (You acquired it in an ossuary)
 r - a ring of magical power (left front leg) {MP+9}
   (You found it on level 3 of the Dungeon)
Magical devices
 f - a wand of flame (0)
   (You found it on level 2 of the Dungeon)
 k - a wand of invisibility (0)
   (You found it on level 2 of the Dungeon)
 q - a wand of magic darts (4)
   (You found it on level 3 of the Dungeon)
Scrolls
 d - 2 scrolls of fear
 e - 2 scrolls of recharging
 i - a scroll of identify
 s - a scroll of immolation {!r}
Potions
 g - a potion of mutation {unknown}
 j - a potion of heal wounds {unknown}
 m - a potion of might {unknown}
Books
 a - a book of Changes
Comestibles
 c - 3 bread rations {@e1}
 l - 2 meat rations {@e2}
 o - 2 fruits


   Skills:
 - Level 1.0 Fighting
 - Level 2.0 Dodging
 - Level 3.0 Unarmed Combat
 - Level 2.0 Spellcasting
 + Level 6.7 Transmutations


You had 3 spell levels left.
You knew the following spells:

 Your Spells              Type           Power        Failure   Level  Hunger
a - Beastly Appendage     Trmt           ###...       6%          1    #......
c - Spider Form           Trmt/Pois      ##........   36%         3    ###....
s - Sticks to Snakes      Trmt           ###.......   8%          2    ###....


Dungeon Overview and Level Annotations

Branches:
Dungeon (5/15)             Temple (1/1) D:4

Altars:
Ashenzari
Cheibriados
Dithmenos
Elyvilon
Fedhas
Kikubaaqudgha
Nemelex Xobeh
Qazlal
Trog
Vehumet
Xom
Yredelemnul
The Shining One

Annotations:
D:4 Sarzael's ghost, experienced SpAs


Innate Abilities, Weirdness & Mutations

You cannot wear most types of armour.
You are amphibious.
You can wear up to eight rings at the same time.
((You can use your tentacles to constrict eight enemies at once.))
((Your skin changes colour to match your surroundings (Stealth).))
((Your rubbery body absorbs attacks (AC +1).))


Message History

You hit the mummy but do no damage. The mummy barely misses you.
You hit the mummy. The mummy closely misses you.
You hit the mummy but do no damage. The mummy closely misses you.
Unknown command.
The mummy closely misses you.
You hit the mummy. The mummy misses you.
You hit the mummy. The mummy hits you. The mummy completely misses you.
You take 5 damage, and have 29/38 hp.
A mummy comes into view.
The mummy moves out of view.
You hit the mummy. The mummy completely misses you.
You hit the mummy.
You destroy the mummy!
Your transformation has ended.
The mummy closely misses you.
You tentacle-slap the mummy but do no damage.
You grab the mummy. You constrict the mummy.
You tentacle-slap the mummy but do no damage.
You tentacle-slap the mummy. You constrict the mummy. The mummy hits you.
You take 4 damage, and have 26/38 hp.
You tentacle-slap the mummy.
You constrict the mummy, but do no damage.
You tentacle-slap the mummy.
You constrict the mummy, but do no damage.
The mummy hits you!
You take 12 damage, and have 14/38 hp.
MASSIVE DAMAGE!!
You release your grip on the mummy.
MP restored: 18 You turn into a venomous arachnid creature.
You now have 15/18 mp.
You hit the mummy but do no damage. You hit the mummy.
The mummy closely misses you.
You hit the mummy. You hit the mummy.
You destroy the mummy!
Drink which item? (? for menu, Esc to quit)
You feel better.
You regained 10 hp, and now have 25/38 hp.
You hit the mummy but do no damage. The mummy hits you!
You take 7 damage, and have 19/38 hp.
You hit the mummy. You hit the mummy. The mummy misses you.
You hit the mummy. You hit the mummy. The mummy misses you.
Your transformation is almost over.
You hit the mummy but do no damage. The mummy hits you.
You take 1 damage, and have 18/38 hp.
You bite the mummy!
You destroy the mummy!
You hit the mummy. The mummy completely misses you.
MP restored: 18 You hit the mummy.
You hit the mummy but do no damage. The mummy hits you!
* * * LOW HITPOINT WARNING * * *
You take 14 damage, and have 5/38 hp.
MASSIVE DAMAGE!!
Your transformation has ended.
Unknown command.
You hear a distant blaring wail to the northeast.
You fade into invisibility!
You are very lightly contaminated with residual magic.
Evoking this partially-identified wand wasted a few charges.
Unknown command.
You flicker for a moment.
You flicker back into view.
You start resting.
You regained 3 hp, and now have 14/38 hp.
A mummy is nearby!
Unknown command.
Aim: a mummy The magic dart hits the mummy.
Evoking this partially-identified wand wasted a few charges.
Aim: a mummy (lightly damaged)
The magic dart hits the mummy.
Evoking this partially-identified wand wasted a few charges.
Aim: a mummy (moderately damaged)
The magic dart hits the mummy.
Evoking this partially-identified wand wasted a few charges.
Aim: a mummy (heavily damaged)
The magic dart hits the mummy.
Evoking this partially-identified wand wasted a few charges.
Aim: a mummy (heavily damaged)
The magic dart hits the mummy.
Evoking this partially-identified wand wasted a few charges.
Aim: a mummy (heavily damaged)
The magic dart hits the mummy.
Evoking this partially-identified wand wasted a few charges.
Aim: a mummy (heavily damaged)
The magic dart hits the mummy.
Evoking this partially-identified wand wasted a few charges.
Aim: a mummy (heavily damaged)
The magic dart hits the mummy.
Evoking this partially-identified wand wasted a few charges.
You turn into a venomous arachnid creature.
You now have 15/18 mp.
You hit the mummy but do no damage. You hit the mummy. The mummy hits you!
You die...

##....##
..
#....#
...
#....#
!.$
#....#
?$#
#...Z#
#....#
#....#
#...M#
#.∩∩s#
######


You could see a mummy and a gnoll zombie.

Vanquished Creatures
  A hound (D:4)
  2 orc wizards (D:3)
  A giant frog skeleton (D:5)
  6 mummies (Ossuary)
  4 adders
  4 giant geckos
  7 orcs
  9 bats
  8 hobgoblins
  3 jackals (D:1)
  8 kobolds
  2 ball pythons (D:2)
  2 giant cockroaches
  6 giant newts
  A gnoll zombie (Ossuary)
  8 goblins
  3 hobgoblin zombies (Ossuary)
  A jackal zombie (D:5)
  A kobold zombie (Ossuary)
  2 orc zombies (Ossuary)
  11 rats
90 creatures vanquished.

Vanquished Creatures (collateral kills)
  An orc priest (D:3)
  3 worms
  An orc (D:3)
5 creatures vanquished.

Grand Total: 95 creatures vanquished

Notes
Turn   | Place    | Note
--------------------------------------------------------------
     0 | D:1      | RobertPalmer, the Octopode Transmuter, began the quest for the Orb.
     0 | D:1      | Reached XP level 1. HP: 13/13 MP: 3/3
    34 | D:1      | Reached XP level 2. HP: 11/18 MP: 3/5
   196 | D:1      | Reached skill level 3 in Transmutations
   708 | D:2      | Reached XP level 3. HP: 23/23 MP: 4/6
   733 | D:1      | Learned a level 2 spell: Sticks to Snakes
   985 | D:2      | Reached skill level 4 in Transmutations
   985 | D:2      | Reached XP level 4. HP: 15/28 MP: 3/7
  1272 | D:2      | Found a shimmering altar of Xom.
  2703 | D:3      | Reached skill level 5 in Transmutations
  2703 | D:3      | Reached XP level 5. HP: 17/33 MP: 8/8
  3406 | D:4      | Found a staircase to the Ecumenical Temple.
  3414 | Temple   | Entered the Ecumenical Temple
  3524 | D:4      | Noticed Sarzael's ghost (experienced SpAs)
  3549 | D:3      | HP: 8/33 [orc wizard/puff of flame (9)]
  3569 | D:3      | HP: 7/33 [orc/tomahawk (3)]
  3572 | D:3      | HP: 2/33 [orc/tomahawk (2)]
  3592 | D:3      | HP: 7/33 [orc/short sword (3)]
  3951 | D:4      | Noticed a phantom
  4160 | D:4      | Reached skill level 6 in Transmutations
  4285 | D:4      | HP: 7/33 [phantom (8)]
  4307 | D:3      | Learned a level 3 spell: Spider Form
  4433 | D:3      | Reached XP level 6. HP: 24/38 MP: 9/9
  4530 | D:5      | Entered Level 5 of the Dungeon
  4752 | D:5      | Found a sand-covered staircase.
  4757 | Ossuary  | Entered an ossuary
  4852 | Ossuary  | Identified a scroll of acquirement
  5009 | Ossuary  | HP: 5/38 [mummy (14)]
  5095 | Ossuary  | Slain by a mummy

Vault maps used:
D:1:      minmay_arrival_radiant_lines
D:2:      nicolae_overflow_hidden_temple, minivault_27, grunt_ministairs_10
D:4:      minmay_temple_entry_statues_fountains,
          nicolae_dithmenos_through_a_glass_darkly
D:5:      okawaru_ov_weapons_minmay, enter_ossuary_2, first_bread, uniq_grinder
Temple:   circular_temple_12
Ossuary:  ossuary_tomb_3

Action                   |  1- 3 |  4- 6 || total
-------------------------+-------+-------++-------
Melee: Unarmed           |    63 |   152 ||   215
 Fire: Blowgun           |       |    20 ||    20
 Cast: Beastly Appendage |    14 |    23 ||    37
       Sticks to Snakes  |     2 |    10 ||    12
       Spider Form       |       |     4 ||     4
Evoke: Wand              |       |    24 ||    24
  Use: Scroll            |       |     9 ||     9
       Potion            |       |     2 ||     2
 Stab: Sleeping          |     2 |     1 ||     3
  Eat: Chunk             |       |    10 ||    10
       Beef jerky        |       |     1 ||     1
       Bread ration      |       |     1 ||     1
       Fruit             |       |     1 ||     1

Vault maps used:
D:1:      minmay_arrival_radiant_lines
D:2:      nicolae_overflow_hidden_temple, minivault_27, grunt_ministairs_10
D:4:      minmay_temple_entry_statues_fountains,
          nicolae_dithmenos_through_a_glass_darkly
D:5:      okawaru_ov_weapons_minmay, enter_ossuary_2, first_bread, uniq_grinder
Temple:   circular_temple_12
Ossuary:  ossuary_tomb_3

Table legend:
 A = Turns spent in this place as a percentage of turns spent in the entire game.
 B = Non-inter-level travel turns spent in this place as a percentage of non-inter-level travel turns spent in the entire game.
 C = Inter-level travel turns spent in this place as a percentage of turns spent in this place.
 D = Turns resting spent in this place as a percentage of non-inter-level travel turns spent in this place.
 E = Turns spent auto-exploring this place as a percentage of non-inter-level travel turns spent in this place.
 F = Non-inter-level travel turns spent in this place divided by the number of levels of this place that you've seen.
                   A       B       C       D       E      F
               +-------+-------+-------+-------+-------+----------------------
         Total | 100.0 | 100.0 |   0.4 |   4.2 |   5.4 | 246.0
       Dungeon |  81.1 |  81.1 |   0.5 |   4.1 |   6.7 | 279.2
        Temple |   3.2 |   3.3 |   0.0 |   0.0 |   0.0 |  56.0
       Ossuary |  15.6 |  15.7 |   0.0 |   5.6 |   0.0 | 270.0
               +-------+-------+-------+-------+-------+----------------------

Table legend:
 A = Kills in this place as a percentage of kills in entire the game.
 B = Kills by you in this place as a percentage of kills by you in the entire game.
 C = Kills by friends in this place as a percentage of kills by friends in the entire game.
 D = Other kills in this place as a percentage of other kills in the entire game.
 E = Experience gained in this place as a percentage of experience gained in the entire game.
 F = Experience gained in this place divided by the number of levels of this place that you have seen.
                   A       B       C       D       E      F
               +-------+-------+-------+-------+-------+----------------------
         Total | 100.0 | 100.0 | 100.0 |  -nan | 100.0 |  67.7
       Dungeon |  86.3 |  85.6 | 100.0 |  -nan |  76.6 |  72.6
       Ossuary |  13.7 |  14.4 |   0.0 |  -nan |  23.4 | 111.0
               +-------+-------+-------+-------+-------+----------------------
